Map: Ulrena

Players

Grumm

  • Race: Protoss Protoss
  • League: Gold

Joserenu - Winner!

  • Race: Terran Terran
  • League: Platinum

VOD

Have the link to the VOD?

Description

Time

  • Played on: Jan. 15, 2016, 4:09 p.m.
  • Length: 8:40
Show
View Real Time Build Order
Export as new Build Order

Grumm Protoss 

Build Orders: 1 Gate Expand, Forge Fast Expand (FFE) 

Get SALT Encoding   

  12  0:01  Probe (Chrono Boost)  
  13  0:11  Probe (Chrono Boost)  
  14  0:26  Probe (Chrono Boost)  
  14  0:27  Pylon  
  15  0:45  Probe (Chrono Boost)  
  16  0:50  Gateway  
  16  0:52  Forge  
  16  0:55  Probe (Chrono Boost)  
  17  1:06  Probe (Chrono Boost)  
  18  1:23  Probe (Chrono Boost)  
  19  1:32  Nexus  
  19  1:43  Cybernetics Core  
  19  1:58  Photon Cannon  
  19  2:00  Probe (Chrono Boost)  
  20  2:10  Probe (Chrono Boost)  
  20  2:12  Assimilator  
  20  2:19  Pylon  
  20  2:21  Probe (Chrono Boost)  
  21  2:28  Gateway  
  21  2:31  Assimilator  
  21  2:37  Assimilator  
  21  2:40  Pylon  
  21  2:43  Probe (Chrono Boost)  
  22  2:52  Probe (Chrono Boost)  
  22  2:53  Probe (Chrono Boost)  
  24  2:58  Warp Gate (Chrono Boost)  
  24  3:02  Probe  
  24  3:03  Probe  
  26  3:15  Mothership Core  
  26  3:17  Stalker  
  30  3:29  Probe  
  31  3:37  Probe  
  31  3:38  Stargate  
  31  3:39  Probe  
  33  3:45  Zealot  
  35  3:51  Probe  
  36  4:04  Probe  
  36  4:06  Probe  
  36  4:08  Pylon  
  38  4:11  Photon Cannon  
  38  4:16  Pylon  
  37  4:29  Oracle  
  38  4:49  Photon Cannon  
  38  5:05  Robotics Facility  
  35  5:24  Assimilator  
  33  5:49  Pylon  
  33  5:54  Pylon  
  33  5:58  Probe x2 (Chrono Boost)  
  33  6:04  Observer  
  36  6:08  Fleet Beacon  
  36  6:09  Pylon, Probe (Chrono Boost)  
  37  6:12  Stargate  
  37  6:17  Stalker  
  39  6:42  Stalker  
  39  6:43  Stalker  
  39  6:44  Probe x2 (Chrono Boost)  
  45  6:51  Photon Cannon  
  43  7:07  Stalker x2  
  47  7:10  Tempest (Chrono Boost)  
  51  7:23  Tempest (Chrono Boost)  
  55  7:33  Probe  
  56  7:49  Gateway  
  56  7:54  Gateway  
Show
View Real Time Build Order
Export as new Build Order

Joserenu Terran - Winner!

Build Orders: MMM Bio 

Get SALT Encoding   

  12  0:02  SCV  
  13  0:14  SCV  
  14  0:27  SCV  
  15  0:30  Supply Depot  
  15  0:34  Refinery  
  15  0:51  SCV  
  15  0:54  Barracks  
  16  1:04  SCV  
  17  1:16  SCV  
  18  1:28  SCV  
  19  1:34  Barracks  
  19  1:40  SCV  
  19  1:45  Supply Depot  
  19  1:46  Marine  
  21  1:52  Factory, SCV  
  22  2:12  Orbital Command  
  22  2:14  Refinery  
  22  2:25  Marine x2  
  24  2:37  Widow Mine  
  24  2:38  Starport  
  26  2:44  Marine  
  27  2:54  Supply Depot  
  27  3:01  SCV  
  28  3:06  Widow Mine  
  28  3:07  Barracks Reactor  
  28  3:11  Barracks Tech Lab  
  30  3:14  SCV  
  31  3:20  Medivac  
  33  3:28  Supply Depot  
  33  3:31  Marauder  
  33  3:33  SCV  
  36  3:36  Factory Tech Lab  
  36  3:47  Marine x2  
  38  3:54  Supply Depot  
  38  3:57  Siege Tank  
  38  4:02  Marine, Stimpack  
  42  4:27  Viking  
  42  4:29  Marine x2  
  46  4:51  Barracks  
  46  4:54  SCV  
  47  5:00  Medivac  
  47  5:05  Siege Tank  
  52  5:11  Supply Depot  
  52  5:16  Marine x2  
  54  5:35  Marauder  
  56  5:37  Siege Tank  
  57  5:45  Barracks Reactor  
  57  5:51  Command Center  
  57  5:52  Medivac  
  57  5:55  Supply Depot  
  59  6:03  Marine  
  59  6:04  Marine  
  61  6:06  Marauder  
  63  6:15  Combat Shields  
  63  6:23  Marine x2  
  65  6:31  Barracks  
  63  7:11  Marine x3  
  63  7:12  Siege Tank  
  63  7:14  Medivac  
  71  7:44  Siege Tank  
  74  7:53  Marine x2  
  70  8:18  Marine x3  
Tags
 
Add a new tag
Caveats
  • Supply blocks, unpowered buildings, or Contaminate may cause inaccurate times.
  • Supply counts are checked every 10 seconds.